 Dungeon Crawl Stone Soup version 0.28-a0-1594-ga885d4b3d6 (webtiles) character file.

Game seed: 57369799463060254

36 oldriver the Bolt Thrower (level 3, -1/22 HPs)
             Began as a Kobold Hunter on Jan 20, 2022.
             Killed from afar by Terence (6 damage)
             ... with a puff of flame
             ... on level 2 of the Dungeon.
             The game lasted 00:02:23 (1738 turns).

oldriver the Bolt Thrower (Kobold Hunter)           Turns: 1738, Time: 00:02:24

Health: -1/22      AC:  4    Str:  9    XL:     3   Next: 57%
Magic:  3/3        EV: 15    Int: 12    God:
Gold:   0          SH:  0    Dex: 17    Spells: 2/2 levels left

rFire   . . .      SeeInvis .   b - +0 short sword
rCold   . . .      Faith    .   (no shield)
rNeg    . . .      Spirit   .   c - +0 leather armour
rPois   .          Reflect  .   (no helmet)
rElec   .          Harm     .   (no cloak)
rCorr   .          Rampage  .   m - +0 pair of gloves
Will    .....                   (no boots)
Stlth   +++.......              (no amulet)
HPRegen 0.07/turn               (no ring)
MPRegen 0.08/turn               (no ring)

@: no status effects
A: small, no large weapons, nightstalker 3
a: no special abilities


You were on level 2 of the Dungeon.
You visited 1 branch of the dungeon, and saw 2 of its levels.

Inventory:

Hand Weapons
 a - a +1 hand crossbow
 b - a +0 short sword (weapon)
Missiles
 d - 17 bolts
 i - 42 arrows
Armour
 c - a +0 leather armour (worn)
 m - a +0 pair of gloves (worn)
Jewellery
 k - a ring of fire
Scrolls
 e - a scroll of vulnerability {unknown}
 g - a scroll of enchant armour {unknown}
 l - a scroll of fear {unknown}
 n - a scroll of noise {unknown}
Potions
 f - a potion of magic {unknown}
 j - a potion of ambrosia {unknown}


   Skills:
 + Level 2.7 Fighting
 + Level 5.1 Crossbows
 + Level 0.7 Throwing
 + Level 3.0 Dodging
 + Level 2.4 Stealth


You had 2 spell levels left.
You didn't know any spells.
Your spell library was empty.

Dungeon Overview and Level Annotations

Branches:
Dungeon (2/15)

Altars:

Shops:
D:1 (

Annotations:
D:2 Terence


Innate Abilities, Weirdness & Mutations

You are small and have problems with some larger weapons.
You are completely attuned to the shadows.


Message History

You hit the quokka.
You kill the quokka!
Terence shouts!
You hear a shout!
You see here a quokka corpse.
Throw: 5 darts (poison)
Press: ? - help, Q - select action Shift-Dir - straight line, f - Terence
Aim: Terence, wielding a +0 short sword, wearing a +0 scale mail and carrying a wand of flame (24) (64% to hit)
You throw a poisoned dart. The poisoned dart hits Terence.
Terence is poisoned.
Throw: 4 darts (poison)
Press: ? - help, Q - select action Shift-Dir - straight line, f/p - Terence
Aim: Terence, wielding a +0 short sword, wearing a +0 scale mail and carrying a wand of flame (24) (poisoned, 64% to hit)
You throw a poisoned dart.
The poisoned dart barely misses Terence.
Throw: 3 darts (poison)
Press: ? - help, Q - select action Shift-Dir - straight line, f/p - Terence
Aim: Terence, wielding a +0 short sword, wearing a +0 scale mail and carrying a wand of flame (24) (lightly wounded, poisoned, 64% to hit)
You throw a poisoned dart.
The poisoned dart closely misses Terence.
Terence zaps a wand.
The puff of flame hits you!
Ouch! That really hurt!
Throw: 2 darts (poison)
Press: ? - help, Q - select action Shift-Dir - straight line, f/p - Terence
Aim: Terence, wielding a +0 short sword, wearing a +0 scale mail and carrying a wand of flame (23) (lightly wounded, poisoned, 64% to hit)
You throw a poisoned dart.
The poisoned dart completely misses Terence.
Terence hits you with a +0 short sword.
Throw: dart (poison)
Press: ? - help, Q - select action Shift-Dir - straight line, f/p - Terence
Aim: Terence, wielding a +0 short sword, wearing a +0 scale mail and carrying a wand of flame (23) (lightly wounded, poisoned, 64% to hit)
You throw a poisoned dart. The poisoned dart hits Terence.
Terence looks even sicker.
Terence is lightly wounded.
Terence hits you with a +0 short sword.
* * * LOW HITPOINT WARNING * * *
Unknown command.
Terence zaps a wand.
The puff of flame misses you.
There is a stone staircase leading up here.
Terence zaps a wand.
The puff of flame misses you.
Terence zaps a wand.
The puff of flame hits you.
You die...

(..(...#.##..#.#..#..
.(.....#..#..#....... ..^#
.......##.#.......... .....#
...(.........#..#...## .....#
....†.###.#..#.......# .....##
..........#....#.....# #....<#
......(......###.....####.##..#
######..<....####.#....##......
####.@...@...#.##...[....#
....#.####.#.##..#######
######.# #...##....# ..#
##........# #### #....†...#
##.......# .........#
..>..#####


You could see Terence (poisoned).

Vanquished Creatures
  An adder (D:2)
  A dart slug (D:1)
  3 bats (D:1)
  An endoplasm (D:1)
  2 goblins (D:1)
  A hobgoblin (D:1)
  2 jackals (D:1)
  2 quokkas
  7 ball pythons (D:1)
  A frilled lizard (D:1)
  2 kobolds (D:1)
  A rat (D:1)
24 creatures vanquished.

Notes
Turn   | Place    | Note
-------+----------+-------------------------------------------
     0 | D:1      | oldriver the Kobold Hunter began the quest for the Orb.
     0 | D:1      | Reached XP level 1. HP: 12/12 MP: 1/1
    95 | D:1      | Found a faded altar of an unknown god.
   101 | D:1      | Reached XP level 2. HP: 18/18 MP: 2/2
   123 | D:1      | Reached skill level 5 in Crossbows
   802 | D:1      | Found Mowo's Weapon Boutique.
   842 | D:1      | Reached XP level 3. HP: 8/22 MP: 3/3
  1718 | D:2      | Noticed Terence
  1738 | D:2      | Killed from afar by Terence

Illustrated notes

Levels and vault maps discovered:
D:1:      wander_arrival_peaceful_grave, layout_loops_cross,
          hellmonk_ecumenical_altar_run_dry, serial_shops,
          nicolae_shop_bloodbath_and_beyond, minmay_shallow_snake_nest
D:2:      layout_basic, kennysheep_generic_room_12, uniq_terence, uniq_robin,
          uniq_crazy_yiuf_cottage

Skill      XL: |  1  2  3 |
---------------+----------+-----
Crossbows      | 5 |  5.1
Stealth        | 2 |  2.4
Dodging        | 3 |  3.0
Fighting       | |  2.7
Throwing       | |  0.7

Action                   || total
-------------------------++-------
Melee: Short sword       ||    58
       Punch             ||     2
 Fire: Hand crossbow     ||    13
Throw: Dart              ||    12
 Stab: Sleeping          ||     5
Armor: Leather armour    ||    12
Dodge: Dodged            ||    50

Table legend: (Time is in decaauts)
 A = Elapsed time spent in this place.
 B = Non-inter-level travel time spent in this place.
 C = Inter-level travel time spent in this place.
 D = Time resting spent in this place.
 E = Time spent auto-exploring this place.
 F = Levels seen in this place.
 G = Mean time per level.
                   A        B        C        D        E       F      G
               +--------+--------+--------+--------+--------+-----+--------+
         Total |   1746 |   1670 |     76 |    640 |    811 |   2 |  873.0 |
       Dungeon |   1746 |   1670 |     76 |    640 |    811 |   2 |  873.0 |
               +--------+--------+--------+--------+--------+-----+--------+

Top non-repeatable levels by time:
     D:1: 1528 daAuts
     D:2: 218 daAuts
